 Dungeon Crawl Stone Soup version 0.30.1-4-g462c640d31 (webtiles) character file.

Game seed: 17304968051401077840

102940 cowcol the Slayer (level 15, -16/158 HPs)
             Began as a Minotaur Fighter on Aug 20, 2023.
             Was a High Priest of Okawaru.
             Blown up by an orb spider (57 damage)
             ... with an orb of destruction
             ... on level 2 of the Spider Nest on Aug 21, 2023.
             The game lasted 02:20:30 (34400 turns).

cowcol the Slayer (Minotaur Fighter)               Turns: 34400, Time: 02:20:30

Health: -16/158    AC: 28    Str: 28    XL:     15   Next: 87%
Magic:  1/18       EV: 10    Int:  7    God:    Okawaru [*****.]
Gold:   928        SH:  0    Dex: 16    Spells: 14/14 levels left

rFire   + . .        b - +5 battleaxe
rCold   . . .        (shield currently unavailable)
rNeg    + . .        M - +3 plate armour
rPois   +            j - +0 hat of Valour {rF+ rN+ Slay+3}
rElec   +            l - +2 cloak
rCorr   .            v - +0 pair of gloves
SInv    +            o - +0 pair of boots "Uloh" {rPois}
Will    ++...        f - amulet of the Harvest {rElec Will+ Regen+} Stlth
                     Z - ring of Opres {Str+6 Int+2 Stlth+}
HPRegen 1.26/turn    L - ring of see invisible
MPRegen 0.16/turn

%: no passive effects
@: no status effects
A: horns 2, retaliatory headbutt, claws 2, iridescent scales 1
a: Renounce Religion, Heroism, Finesse, Duel


You were on level 2 of the Spider Nest.
You worshipped Okawaru.
Okawaru was extremely pleased with you.
You visited 5 branches of the dungeon, and saw 25 of its levels.
You also visited: Sewer, Gauntlet and Ice Cave.

You collected 2268 gold pieces.
You spent 1340 gold pieces at shops.

Inventory:

Hand Weapons
 b - a +5 battleaxe (weapon)
 h - a +0 heavy broad axe
 w - a +4 scimitar of flaming
 A - a +1 glaive of flaming
 P - a +0 battleaxe
 Q - a +4 broad axe
 X - a +3 great sword of holy wrath
Missiles
 a - 15 boomerangs
 H - 41 poisoned darts (quivered)
 N - 25 javelins
Armour
 j - the +0 hat of Valour (worn) {rF+ rN+ Slay+3}
   (You acquired it in an ice cave)

   Slay:      It affects your accuracy & damage with ranged weapons and melee
   (+3).
   rF:        It protects you from fire.
   rN:        It protects you from negative energy.
 l - a +2 cloak (worn)
 o - the +0 pair of boots "Uloh" (worn) {rPois}
   (Okawaru gifted it to you on level 1 of the Lair of Beasts)

   rPois:     It protects you from poison.
 v - a +0 pair of gloves (worn)
 z - a +0 buckler of cold resistance
 D - +0 acid dragon scales
 M - a +3 plate armour (worn)
Magical Staves
 c - a staff of poison
Jewellery
 f - the amulet of the Harvest (around neck) {rElec Will+ Regen+}
   (You bought it in a shop on level 2 of the Orcish Mines)

   [amulet of regeneration]

   rElec:     It insulates you from electricity.
   Regen:     It increases your rate of health regeneration.
   Will:      It increases your willpower.
 r - a +6 ring of intelligence
 E - a ring of protection from fire
 I - a +6 ring of strength
 L - a ring of see invisible (right hand)
 R - an amulet of guardian spirit
 Z - the ring of Opres (left hand) {Str+6 Int+2 Stlth+}
   (You found it in an ice cave)

   [ring of strength]

   Str:       It affects your strength (+6).
   Int:       It affects your intelligence (+2).
   Stlth:     It makes you more stealthy.
Wands
 m - a wand of paralysis (15)
 x - a wand of iceblast (18)
 y - a wand of digging (1)
 F - a wand of flame (51)
 J - a wand of quicksilver (26)
 O - a wand of mindburst (10)
 T - a wand of polymorph (14)
Scrolls
 g - 3 scrolls of amnesia
 i - 6 scrolls of teleportation
 k - 4 scrolls of immolation
 n - 2 scrolls of vulnerability
 u - 2 scrolls of torment
 B - a scroll of magic mapping
 U - 2 scrolls of fog
 V - 6 scrolls of identify
Potions
 d - 2 potions of brilliance
 e - 3 potions of berserk rage
 p - 3 potions of cancellation
 s - 6 potions of mutation
 C - 7 potions of might
 G - 6 potions of curing
 K - a potion of ambrosia
Miscellaneous
 S - a condenser vane
 W - a piece from Xom's chessboard (15/15)
 Y - a lightning rod (4/4)


   Skills:
 + Level 21.4 Fighting
 + Level 4.6 Long Blades
 - Level 20.0 Axes
 + Level 4.1 Throwing
 + Level 13.6 Armour
 + Level 4.1 Dodging
 - Level 6.0 Shields
 + Level 6.0 Invocations


You had 14 spell levels left.
You didn't know any spells.
Your spell library contained the following spells:

 Spells                   Type           Power      Damage    Failure   Level
 Foxfire                  Conj/Fire      0%         2x1d4     97%         1
 Sandblast                Erth           0%         2d4       97%         1
 Slow                     Hex            0%         N/A       97%         1
 Ensorcelled Hibernation  Hex/Ice        0%         N/A       99%         2
 Passwall                 Tmut/Erth      0%         N/A       99%         2
 Confusing Touch          Hex            0%         N/A       100%        3
 Frozen Ramparts          Ice            0%         1d1       100%        3
 Gell's Gravitas          Tloc           0%         N/A       100%        3
 Portal Projectile        Hex/Tloc       0%         N/A       100%        3
 Stone Arrow              Conj/Erth      0%         3d7       100%        3
 Swiftness                Air            0%         N/A       100%        3
 Teleport Other           Tloc           0%         N/A       100%        3
 Vampiric Draining        Necr           0%         2d6       100%        3
 Ice Form                 Ice/Tmut       0%         N/A       100%        4
 Leda's Liquefaction      Hex/Erth       0%         N/A       100%        4
 Blade Hands              Tmut           0%         N/A       100%        5
 Fireball                 Conj/Fire      0%         3d3       100%        5
 Dispersal                Tloc           0%         N/A       100%        6
 Iron Shot                Conj/Erth      0%         9d1       100%        6
 Plasma Beam              Fire/Air       0%         2x1d11    100%        6
 Starburst                Conj/Fire      0%         6d3       100%        6
 Call Canine Familiar     Summ           Unusable   N/A       N/A         3
 Animate Armour           Summ/Erth      Unusable   N/A       N/A         4
 Summon Ice Beast         Ice/Summ       Unusable   N/A       N/A         4

Dungeon Overview and Level Annotations

Branches:
Dungeon (15/15)            Temple (1/1) D:4            Lair (5/5) D:9
 Shoals (0/4) Lair:2       Spider (2/4) Lair:3        Slime (0/5) Lair:5
    Orc (2/2) D:9             Elf (0/3) Orc:2        Vaults (0/5) D:13
 Depths (0/4) D:15          Sewer (visited)           IceCv (visited)
Gauntlet (visited)

Altars:
Ashenzari
Cheibriados
Dithmenos
Elyvilon
Fedhas
Gozag
Hepliaklqana
Kikubaaqudgha
Makhleb
Nemelex Xobeh
Okawaru
Qazlal
Ru
Sif Muna
Trog
Uskayaw
Vehumet
Wu Jian
Xom
Yredelemnul
Zin
The Shining One
Jiyva

Shops:
D:4 (   D:7 =   D:9 ?((   D:12 =   D:13 =   Orc:1 (   Orc:2 :*=*[

Annotations:
D:4 exclusion: oklob sapling
D:5 1 runed translucent door, Taurus's ghost, novice MiFi
D:15 Nessos
Spider:2 2 transporters, Ywnuer Isui's ghost, adept TrFi
Orc:1 2 transporters


Innate Abilities, Weirdness & Mutations

You have a pair of horns on your head.
You reflexively headbutt those who attack you in melee.
You have very sharp fingernails.
You are partially covered in iridescent scales. (AC +2)


Message History

The redback is severely wounded.
You slice the culicivora!!
The redback bites you but does no damage.
A redback comes into view.
The ghost moth stares at you.
You feel your power leaking away.
The culicivora bites you but does no damage.
The tarantella touches you but does no damage.
You barely miss the redback.
The redback is severely wounded.
You closely miss the culicivora. You closely miss the tarantella.
Your surroundings suddenly seem different.
A jorogumo comes into view.
Found 10 stones.
Found a stone staircase leading down.
The jorogumo shouts!
The wolf spider's many legs skitter.
You hear an angry buzzing noise.
You hear a hideous shriek!
You hear a faint skittering sound.
The jumping spider's many legs skitter faintly.
The orb spider's many legs skitter faintly.
The jorogumo hits you but does no damage.
The orb spider weaves a glowing orb of energy.
An orb of destruction comes into view.
The jumping spider's many legs skitter faintly.
The jumping spider leaps!
The jumping spider pounces on you!
The jumping spider bites you but does no damage.
The jumping spider pounces on you but does no damage.
The jumping spider closely misses you.
There is a stone staircase leading up, spattered with blood here.
The wolf spider hits you but does no damage.
The wolf spider bites you but does no damage.
The jorogumo hits you!
The orb spider spins a strand of pure energy.
The jumping spider pounces on you but does no damage.
The jumping spider barely misses you. The wolf spider hits you!
* * * LOW HITPOINT WARNING * * *
The wolf spider bites you.
* * * LOW HITPOINT WARNING * * *
The redback bites you but does no damage.
The orb of destruction hits you!!!
You die...

####s#...##.#
###..#.#....##. ..
#.....(#..#.... #..#
###............. #..^.
#...y.s..s....# #.......
...........#######........
....°(....○○...^.^........
.........s..○☼s..#...... .
....#.....#.#.○@.w##....(.
...#..........ssH..#.#....
.....^..#^..^.#........>#.
.>#..........#...(......^.
....#..#......#.........
#........^#.#..#..
###.......#.. ....
#............ ...
##..^......... ##


You could see a jorogumo, a steelbarb worm, a wolf spider, an orb spider
(charged), 2 jumping spiders and a redback.

Vanquished Creatures
  A reaper (IceCv)
  A stone giant (Orc:2)
  Azrael (Orc:2)
  A minotaur (Gauntlet)
  A spark wasp (Spider:2)
  A fire dragon (Lair:5)
  4 vault guards (D:13)
  5 hydras
  A catoblepas (Lair:1)
  5 boulder beetles
  2 ogre magi (Orc:2)
  11 two-headed ogres
  A centaur warrior (D:14)
  20 death yaks
  A tengu warrior (D:13)
  An orc high priest (Orc:1)
  Urug (Orc:2)
  Sonja (Lair:1)
  5 skeletal warriors
  4 skysharks
  2 deep trolls (Orc:1)
  A pharaoh ant (Spider:2)
  A swamp dragon (Lair:5)
  An orb spider (Spider:2)
  A lindwurm (Lair:5)
  2 steelbarb worms (Spider:2)
  2 deep elf pyromancers (D:14)
  An orc knight (Orc:1)
  A wolf spider (Spider:1)
  An oklob plant (Gauntlet)
  3 orc sorcerers
  3 cyclopes
  15 ugly things
  A worldbinder (Gauntlet)
  5 slime creatures (D:14)
  Maurice (D:12)
  2 ice statues (IceCv)
  2 manticores (D:14)
  2 merfolk sirens (Lair:2)
  4 elephants (Gauntlet)
  2 demonic crawlers (Spider:2)
  7 black mambas
  2 torpor snails
  7 cane toads
  12 komodo dragons
  2 unseen horrors
  5 rime drakes
  2 minotaur zombies (Gauntlet)
  2 yaktaurs
  A tengu conjurer (D:14)
  2 freezing wraiths
  2 anaconda simulacra (IceCv)
  4 ice devils (IceCv)
  11 trolls
  4 polar bears
  3 hornets
  A meliai (Spider:2)
  3 tarantellas (Spider:2)
  14 blink frogs
  3 jumping spiders
  4 flying skulls (Gauntlet)
  A jumping spider (shapeshifter) (D:14)
  A culicivora (Spider:1)
  3 wraiths
  Sigmund (D:3)
  2 shadows
  A vampire (D:11)
  2 wyverns
  7 humans (D:13)
  3 fire elementals (Orc:2)
  19 yaks
  5 vampire mosquitoes
  4 basilisks
  A death yak simulacrum (IceCv)
  2 steam dragons
  13 redbacks
  3 wargs
  Menkaure (D:6)
  3 hell hounds (Orc:2)
  5 acid dragons
  11 water moccasins
  A swamp drake (Lair:5)
  11 orc warriors
  An ice beast (D:7)
  A sky beast (D:7)
  15 wolves
  3 black bears
  20 ogres
  A boggart (Gauntlet)
  7 centaurs
  2 kobold brigands
  A wyvern zombie (D:8)
  19 bullfrogs
  5 scorpions
  2 two-headed ogre simulacra
  13 wights
  3 elephant simulacra
  8 killer bees
  3 electric eels
  6 howler monkeys
  3 centaur zombies (D:8)
  9 orc priests
  Crazy Yiuf (D:2)
  5 hounds
  6 jellies
  22 orc wizards
  A sleepcap (D:6)
  5 hell rats (Lair:3)
  10 iguanas
  Ijyb (D:4)
  A polar bear simulacrum (IceCv)
  A troll simulacrum (IceCv)
  5 spriggan simulacra
  4 wolf simulacra
  A killer bee zombie (D:8)
  A boggart simulacrum (D:14)
  A mummy (D:8)
  A gnoll (D:4)
  4 naga simulacra
  12 adders
  5 river rats (Sewer)
  2 shadow imps
  3 white imps (IceCv)
  6 ufetubi
  4 worms
  2 dart slugs (D:1)
  66 orcs
  14 ball pythons
  11 endoplasms
  6 giant cockroaches
  7 goblins
  5 hobgoblins
  14 jackals
  10 quokkas
  3 training dummies (Orc:1)
  10 bats
  3 frilled lizards (Sewer)
  A hobgoblin zombie (D:8)
  18 kobolds
  A kobold zombie (D:8)
  2 orc zombies (D:8)
  27 rats
736 creatures vanquished.

Vanquished Creatures (others)
  A vault guard (D:13)
  A quokka (D:3)
2 creatures vanquished.

Grand Total: 738 creatures vanquished

Notes
Turn   | Place    | Note
-------+----------+-------------------------------------------
     0 | D:1      | cowcol the Minotaur Fighter began the quest for the Orb.
     0 | D:1      | Reached XP level 1. HP: 19/19 MP: 0/0
   104 | D:1      | Reached skill level 4 in Fighting
   104 | D:1      | Reached XP level 2. HP: 17/27 MP: 1/1
   349 | D:1      | You fall into a shaft and drop 1 floor!
   641 | D:1      | Reached XP level 3. HP: 30/33 MP: 2/2
  1074 | D:2      | Found a runed translucent door.
  1075 | D:2      | Noticed Crazy Yiuf
  1195 | D:2      | Reached XP level 4. HP: 40/41 MP: 3/3
  1431 | D:2      | Killed Crazy Yiuf
  1494 | D:3      | Found a faded altar of an unknown god.
  1523 | D:3      | Found a glowing drain.
  1545 | Sewer    | Entered a sewer
  1961 | Sewer    | Reached XP level 5. HP: 42/47 MP: 4/4
  1975 | Sewer    | Reached skill level 5 in Armour
  2059 | Sewer    | Reached skill level 5 in Axes
  2183 | Sewer    | Reached XP level 6. HP: 49/55 MP: 5/5
  2185 | Sewer    | Reached skill level 5 in Fighting
  2446 | D:3      | Found a white marble altar of Elyvilon.
  2471 | D:3      | Noticed Sigmund
  2477 | D:3      | Killed Sigmund
  2478 | D:3      | Reached XP level 7. HP: 61/61 MP: 6/6
  3052 | D:4      | Noticed Ijyb
  3096 | D:4      | Killed Ijyb
  3344 | D:4      | Found Unwodwu's Antique Weapon Boutique.
  3525 | D:4      | Found a staircase to the Ecumenical Temple.
  3956 | Temple   | Entered the Ecumenical Temple
  4234 | Temple   | Became a worshipper of Warmaster Okawaru
  4655 | D:5      | Entered Level 5 of the Dungeon
  4945 | D:5      | Found a broken altar of Ashenzari.
  5039 | D:5      | Reached XP level 8. HP: 51/70 MP: 7/7
  5323 | D:5      | Found a large runed translucent door.
  5324 | D:5      | Found a large runed translucent door.
  5407 | D:5      | Found a runed translucent door.
  5411 | D:5      | Noticed Taurus's ghost (novice MiFi)
  5621 | D:5      | Reached skill level 6 in Fighting
  5772 | D:5      | Reached * piety under Okawaru
  5789 | D:5      | Reached skill level 1 in Throwing
  6162 | D:5      | Found a blossoming altar of Fedhas.
  6173 | D:5      | Found a sparkling altar of Nemelex Xobeh.
  6741 | D:6      | Reached skill level 10 in Axes
  6868 | D:6      | Reached XP level 9. HP: 78/78 MP: 8/8
  6963 | D:6      | Noticed Menkaure
  6967 | D:6      | Killed Menkaure
  6993 | D:6      | Reached ** piety under Okawaru
  7567 | D:6      | Reached skill level 7 in Fighting
  7858 | D:6      | Paralysed by a hornet for 3 turns
  8298 | D:7      | Identified the +0 scale mail "Xotsiuto" {-Tele Drain MP+9
                  | Stlth+}
  8408 | D:7      | Found Destrec's Jewellery Shop.
  9103 | D:8      | Reached *** piety under Okawaru
  9408 | D:8      | Reached skill level 10 in Armour
  9460 | D:8      | Reached skill level 8 in Fighting
  9488 | D:8      | Reached XP level 10. HP: 85/88 MP: 9/9
  9587 | D:8      | Found a sacrificial altar of Ru.
  9973 | D:9      | Found Serchaeco's Antique Weapon Shoppe.
  9990 | D:9      | Found Loec Emn's Weapon Shoppe.
 10014 | D:9      | Bought a broad axe for 112 gold pieces
 10083 | D:9      | Found Jigur's Magic Scroll Emporium.
 10092 | D:9      | Bought a scroll of enchant armour for 112 gold pieces
 10092 | D:9      | Bought a scroll of enchant weapon for 112 gold pieces
 10143 | D:9      | Found a staircase to the Orcish Mines.
 10218 | D:9      | Noticed a death yak
 10219 | D:9      | Noticed a death yak
 10220 | D:9      | Noticed a death yak
 10229 | D:9      | Noticed a death yak
 10229 | D:9      | Noticed a death yak
 10245 | D:9      | Found a staircase to the Lair.
 10491 | Lair:1   | Entered Level 1 of the Lair of Beasts
 10504 | Lair:1   | Reached **** piety under Okawaru
 10585 | Lair:1   | Received a gift from Okawaru
 10591 | Lair:1   | Reached skill level 9 in Fighting
 10594 | Lair:1   | Noticed a catoblepas
 10601 | Lair:1   | Killed a catoblepas
 10750 | Lair:1   | Noticed Sonja
 10756 | Lair:1   | Killed Sonja
 11043 | Lair:1   | Noticed a boulder beetle
 11058 | Lair:1   | Killed a boulder beetle
 11059 | Lair:1   | Reached XP level 11. HP: 85/99 MP: 10/10
 11122 | Lair:1   | Reached ***** piety under Okawaru
 11131 | Lair:1   | Reached skill level 10 in Fighting
 11357 | Lair:1   | Identified the +0 pair of boots "Uloh" {rPois} (Okawaru
                  | gifted it to you on level 1 of the Lair of Beasts)
 11357 | Lair:1   | Received a gift from Okawaru
 12043 | Lair:1   | Reached skill level 15 in Axes
 12836 | Lair:2   | Noticed a skyshark
 12845 | Lair:2   | Killed a skyshark
 12846 | Lair:2   | Reached skill level 11 in Fighting
 12852 | Lair:2   | Identified the ring "Ohelo" {Ice Dex+3}
 12930 | Lair:2   | Noticed a death yak
 12992 | Lair:2   | Killed a death yak
 13039 | Lair:2   | Noticed a death yak
 13043 | Lair:2   | Noticed a death yak
 13044 | Lair:2   | Noticed a death yak
 13099 | Lair:1   | Killed a death yak
 13216 | Lair:2   | Killed a death yak
 13219 | Lair:2   | Killed a death yak
 13613 | Lair:2   | Noticed a skyshark
 13619 | Lair:2   | Received a gift from Okawaru
 13620 | Lair:2   | Reached XP level 12. HP: 112/112 MP: 11/11
 13626 | Lair:2   | Reached skill level 12 in Fighting
 13731 | Lair:2   | Noticed an eight-headed hydra
 13742 | Lair:2   | Killed a five-headed hydra
 13839 | Lair:2   | Reached skill level 1 in Long Blades
 13839 | Lair:2   | Reached skill level 1 in Invocations
 14162 | Lair:2   | Found a staircase to the Shoals.
 14441 | Lair:3   | Identified the +0 robe of New Discoveries {+Blink rF+ rN+
                  | Stlth-} (Okawaru gifted it to you on level 3 of the Lair of
                  | Beasts)
 14441 | Lair:3   | Received a gift from Okawaru
 14630 | Lair:3   | Found a hole to the Spider Nest.
 14798 | Lair:3   | Reached skill level 13 in Fighting
 14873 | Lair:3   | Paralysed by a hornet for 1 turns
 15367 | Lair:3   | Gained mutation: You are partially covered in iridescent
                  | scales. (AC +2) [potion of mutation]
 15367 | Lair:3   | Gained mutation: You have sharp fingernails. [potion of
                  | mutation]
 15367 | Lair:3   | Gained mutation: You have very sharp fingernails. [potion
                  | of mutation]
 15465 | Lair:3   | Noticed a six-headed hydra
 15472 | Lair:3   | Killed a one-headed hydra
 15772 | Lair:3   | Reached skill level 14 in Fighting
 15944 | Lair:3   | Noticed a death yak
 16114 | Lair:3   | Noticed a death yak
 16116 | Lair:3   | Noticed a death yak
 16132 | Lair:3   | Noticed a death yak
 16142 | Lair:2   | Killed a death yak
 16239 | Lair:2   | Killed a death yak
 16349 | Lair:3   | Killed a death yak
 16350 | Lair:3   | Reached XP level 13. HP: 105/125 MP: 10/13
 16416 | Lair:3   | You fall into a shaft and drop 2 floors!
 16416 | Lair:5   | Entered Level 5 of the Lair of Beasts
 16979 | Lair:4   | Reached skill level 15 in Fighting
 17307 | Lair:4   | Identified the +0 pair of boots of Okawaru's Favour {rF+
                  | Str+3 Dex-4} (Okawaru gifted it to you on level 4 of the
                  | Lair of Beasts)
 17307 | Lair:4   | Received a gift from Okawaru
 18186 | Lair:5   | Reached skill level 16 in Fighting
 18206 | Lair:5   | Noticed a fire dragon
 18322 | Lair:5   | Found a viscous altar of Jiyva.
 18324 | Lair:5   | Found a staircase to the Slime Pits.
 18641 | Lair:5   | Reached skill level 5 in Shields
 19369 | Lair:5   | Reached skill level 17 in Fighting
 20074 | Lair:5   | Killed a fire dragon
 20446 | D:9      | Found Lietagg's Assorted Antiques.
 20884 | D:9      | Reached skill level 18 in Fighting
 21056 | D:10     | Entered Level 10 of the Dungeon
 21138 | D:10     | Reached XP level 14. HP: 143/143 MP: 15/15
 22210 | Orc:1    | Entered Level 1 of the Orcish Mines
 22338 | Orc:1    | Found Uducogg's Firing Range.
 22478 | Orc:1    | Found a transporter.
 22478 | Orc:1    | Found a transporter.
 22483 | Orc:1    | Noticed a stone giant
 23141 | Orc:2    | Entered Level 2 of the Orcish Mines
 23162 | Orc:2    | Found Riskyati's Book Shoppe.
 23178 | Orc:1    | Identified the +0 pair of boots of Cinotobo {rF- Will+
                  | SInv} (Okawaru gifted it to you on level 1 of the Orcish
                  | Mines)
 23178 | Orc:1    | Received a gift from Okawaru
 23258 | Orc:2    | Noticed a stone giant
 23278 | Orc:2    | Reached skill level 19 in Fighting
 23278 | Orc:2    | Reached skill level 1 in Dodging
 23949 | Orc:2    | Found Oheynk's Armour Boutique.
 23967 | Orc:2    | Noticed Urug
 24109 | Orc:2    | Killed Urug
 24715 | Orc:2    | Killed a stone giant
 24867 | Orc:2    | Found Wivalo's General Store.
 24868 | Orc:2    | Found Toinong's Jewellery Emporium.
 24873 | Orc:2    | Found Leikh's Assorted Antiques.
 24876 | Orc:2    | Bought the amulet of the Harvest {rElec Will+ Regen+} for
                  | 644 gold pieces
 24945 | Orc:2    | Reached skill level 20 in Fighting
 24945 | Orc:2    | Bought a scroll of enchant armour for 180 gold pieces
 24945 | Orc:2    | Bought a scroll of enchant weapon for 180 gold pieces
 25008 | Orc:2    | Found a staircase to the Elven Halls.
 25080 | Orc:2    | Noticed Azrael
 25090 | Orc:2    | Killed Azrael
 26952 | D:12     | Found Ytuppit's Jewellery Boutique.
 26979 | D:12     | Found a frozen archway.
 27011 | IceCv    | Entered an ice cave
 27227 | IceCv    | Reached skill level 5 in Invocations
 27450 | IceCv    | Noticed a reaper
 27468 | IceCv    | Received a gift from Okawaru
 27539 | IceCv    | Killed a reaper
 27622 | IceCv    | Identified the ring of Opres {Str+6 Int+2 Stlth+}
 27632 | IceCv    | Identified a scroll of acquirement
 27633 | IceCv    | Acquired the +0 hat of Valour {rF+ rN+ Slay+3}
 28569 | D:12     | Noticed Maurice
 28578 | D:12     | Killed Maurice
 29666 | D:13     | Reached XP level 15. HP: 147/156 MP: 17/17
 29867 | D:13     | Found a gate to the Vaults.
 29917 | D:13     | Found Bacremn's Jewellery Shoppe.
 30459 | D:14     | Found a gate leading to a gauntlet.
 30469 | Gauntlet | Entered a Gauntlet
 30469 | Gauntlet | Found a transporter.
 30469 | Gauntlet | Found a transporter.
 30478 | Gauntlet | Found a transporter.
 30495 | Gauntlet | Found a transporter.
 30504 | Gauntlet | Found a transporter.
 30516 | Gauntlet | Found a transporter.
 30529 | Gauntlet | Found a transporter.
 30535 | Gauntlet | Found a transporter.
 30549 | Gauntlet | Found a transporter.
 30553 | Gauntlet | Found a transporter.
 30556 | Gauntlet | Found a transporter.
 30556 | Gauntlet | Found a transporter.
 30964 | Gauntlet | Identified the +2 leather armour "Veap" {rF+ Str+3 Int+7}
 30989 | Gauntlet | Identified the +1 hat of Hyelefam {Harm}
 31359 | D:14     | Received a gift from Okawaru
 31429 | D:14     | Received a gift from Okawaru
 31643 | D:14     | Received a gift from Okawaru
 31644 | D:14     | Reached skill level 21 in Fighting
 32174 | D:15     | Entered Level 15 of the Dungeon
 32437 | D:15     | Noticed Nessos
 33013 | Spider:1 | Entered Level 1 of the Spider Nest
 34174 | Spider:2 | Noticed an emperor scorpion
 34182 | Spider:2 | Noticed Ywnuer Isui's ghost (adept TrFi)
 34183 | Spider:2 | Found a transporter.
 34196 | Spider:2 | Found a transporter.
 34400 | Spider:2 | Blown up by an orb spider

Illustrated notes

Levels and vault maps discovered:
D:1:      dpeg_arrival_erosion, layout_loops_cross, nicolae_wormholes
D:2:      layout_rooms, uniq_crazy_yiuf_cottage
D:3:      layout_loops_cross, elyvilon_altar_4, basic_ecumenical_altar,
          portal_sewer_entry_f, minmay_fractal_squares_5, uniq_sigmund
D:4:      minmay_wonky_spiral, layout_loops_ring, minmay_temple_entry_oklob,
          serial_shops, nicolae_shop_rolling_square, wad_floor_pattern_2,
          uniq_ijyb
D:5:      layout_loops_corners, jmf_multi_god_temple2, kennysheep_little_box,
          ebering_ghost_reflecting_pool, dk_noncrumbling_3
D:6:      layout_loops_corners, uniq_menkaure
D:7:      layout_basic, serial_shops, nicolae_shop_tiny_real_fake_doors
D:8:      layout_basic, nicolae_ru_path_of_blood, serial_undead,
          serial_undead_a, serial_undead_f, serial_undead_c, serial_undead_a,
          minmay_mini_ossuary
D:9:      layout_basic, dpeg_lair_monsters, minmay_orc_entry_temple_small,
          serial_shops, nicolae_shop_getting_attention, nicolae_shop_stone,
          nicolae_lakefront_shop, shop
D:10:     layout_gridville
D:11:     layout_cave_pools
D:12:     layout_rooms, serial_shops, shop, portal_ice_cave_entry_ice_simulacra,
          uniq_maurice
D:13:     layout_loops_ring, ximxim_vaults_locker_room, serial_shops,
          nicolae_shop_competitors_out_of_business, chequers_mini_garden
D:14:     layout_loops_ring, gauntlet_entry_generic, minivault_24,
          serial_bayou_pond_b, drop_trap
D:15:     gammafunk_depths_entry_grave, layout_stronghold,
          gammafunk_ghost_necromancy, uniq_nessos
Temple:   sentei_temple_godly_chess
Lair:1:   layout_roguey, uniq_sonja
Lair:2:   layout_long_grid, elwin_shoals_entry_rooms
Lair:3:   layout_regular_city, dummy_spider_entry, pdpol_lair_cavern_descent
Lair:4:   layout_cave_pods, beast_lair_carwin_2
Lair:5:   guppyfry_lair_end_dragon, layout_regular_city,
          nicolae_slime_entry_slimehenge
Spider:1: layout_spider_delve, nicolae_spider_webs_and_nodes
Spider:2: cheibrodos_forgotten_conduit, gammafunk_ghost_arena,
          nicolae_spider_cling_halls
Orc:1:    gammafunk_beogh_shrine, layout_caves, nicolae_shop_firing_range
Orc:2:    st_orc_open, layout_caves, serial_shops, nicolae_shop_crystal,
          enter_volcano_1, uniq_azrael, uniq_urug

Skill      XL: |  1  2  3  4  5  6  7  8  9 10 11 12 13 14 15 |
---------------+----------------------------------------------+-----
Fighting       | 4 5 6 8 9 11 14 18 20 21 | 21.4
Armour         | 4 5 6 8 10 11 12 13 | 13.6
Axes           | 3 4 5 7 8 10 12 14 16 18 20 | 20.0
Throwing       | 1 2 3 4 |  4.1
Long Blades    | 3 4 |  4.6
Invocations    | 2 3 5 6 |  6.0
Shields        | 4 6 |  6.0
Dodging        | 3 4 |  4.1

Action                     |  1- 3 |  4- 6 |  7- 9 | 10-12 | 13-15 || total
---------------------------+-------+-------+-------+-------+-------++-------
  Melee: War axe           |    94 |   105 |   387 |    39 |       ||   625
         Headbutt          |    14 |    12 |    62 |   107 |   246 ||   441
         Broad axe         |       |       |       |   403 |   257 ||   660
         Scimitar          |       |       |       |     9 |    26 ||    35
         Battleaxe         |       |       |       |       |   707 ||   707
         Punch             |       |       |       |       |     1 ||     1
  Throw: Dart              |       |       |     7 |    22 |    45 ||    74
         Javelin           |       |       |    11 |       |       ||    11
         Boomerang         |       |       |       |     3 |       ||     3
 Invoke: Heroism           |       |       |       |     6 |    20 ||    26
         Finesse           |       |       |       |       |     1 ||     1
  Evoke: Wand              |       |       |       |       |     1 ||     1
    Use: Scroll            |       |     4 |     8 |     9 |    26 ||    47
         Potion            |       |     2 |     8 |     4 |     9 ||    23
   Stab: Confused          |       |       |       |       |     3 ||     3
 Armour: Scale mail        |    43 |    60 |    35 |       |       ||   138
         Chain mail        |       |       |   165 |       |       ||   165
         Plate armour      |       |       |    13 |   252 |   685 ||   950
  Dodge: Dodged            |    46 |    68 |   127 |   158 |   406 ||   805
  Block: Buckler           |    24 |    32 |    83 |   106 |    60 ||   305
